 Dungeon Crawl Stone Soup version 0.27.1-2-g3b301248ec (webtiles) character file.

Game seed: 14353645689342692992

66 Rickety the Stinger (level 4, -4/32 HPs)
             Began as a Gnoll Venom Mage on Sept 23, 2021.
             Slain by Grinder (10 damage)
             ... on level 3 of the Dungeon.
             The game lasted 00:04:42 (2736 turns).

Rickety the Stinger (Gnoll Venom Mage)              Turns: 2736, Time: 00:04:43

Health: -4/32      AC:  2    Str:  7    XL:     4   Next: 15%
Magic:  11/11      EV: 13    Int: 16    God:
Gold:   41         SH:  0    Dex: 12    Spells: 7/13 levels left

rFire    . . .     SeeInvis .   k - +2 rapier (holy)
rCold    . . .     Faith    .   (no shield)
rNeg     + . .     Spirit   .   a - +0 robe
rPois    .         Reflect  .   (no helmet)
rElec    .         Harm     .   (no cloak)
rCorr    .         Rampage  .   (no gloves)
Will     .....                  (no boots)
Stlth    ++........             (no amulet)
HPRegen  0.10/turn              h - ring of positive energy
MPRegen  0.12/turn              (no ring)

@: no status effects
A: fangs 1, strong nose, distributed training
a: no special abilities


You were on level 3 of the Dungeon.
You visited 1 branch of the dungeon, and saw 3 of its levels.

You collected 41 gold pieces.

Inventory:

Hand Weapons
 k - a +2 rapier of holy wrath (weapon)
Missiles
 e - 2 throwing nets
Armour
 a - a +0 robe (worn)
Jewellery
 h - a ring of positive energy (left hand)
Scrolls
 b - 2 scrolls of amnesia {unknown}
 c - 2 scrolls of teleportation {unknown}
 d - 2 scrolls of blinking {unknown}
 f - 2 scrolls of identify {unknown}
 i - a scroll of enchant weapon {unknown}
 j - a scroll of noise {unknown}
Potions
 g - 2 potions of heal wounds {unknown}
 l - a potion of curing {unknown}
 m - a potion of degeneration {unknown}
 n - a potion of lignification {unknown}


   Skills:
 + Level 1.0 Fighting
 + Level 1.0 Short Blades
 + Level 1.0 Long Blades
 + Level 1.0 Axes
 + Level 1.0 Maces & Flails
 + Level 1.0 Polearms
 + Level 1.0 Staves
 + Level 1.0 Slings
 + Level 1.0 Bows
 + Level 1.0 Crossbows
 + Level 1.0 Throwing
 + Level 1.0 Armour
 + Level 4.6 Dodging
 + Level 4.2 Stealth
 + Level 1.0 Shields
 + Level 1.0 Unarmed Combat
 + Level 5.0 Spellcasting
 + Level 0.8 Conjurations
 + Level 0.8 Hexes
 + Level 0.8 Summonings
 + Level 0.8 Necromancy
 + Level 0.8 Translocations
 + Level 2.2 Transmutations
 + Level 0.8 Fire Magic
 + Level 0.8 Ice Magic
 + Level 0.8 Air Magic
 + Level 0.8 Earth Magic
 + Level 5.4 Poison Magic
 + Level 1.1 Invocations
 + Level 1.0 Evocations


You had 7 spell levels left.
You knew the following spells:

 Your Spells              Type           Power      Damage    Failure   Level
a - Sting                 Tmut/Pois      64%        1d6       3%          1
m - Mephitic Cloud        Conj/Pois/Air  11%        N/A       17%         3
v - Poisonous Vapours     Pois/Air       28%        N/A       6%          2

Your spell library contained the following spells:

 Spells                   Type           Power      Damage    Failure   Level
 Olgreb's Toxic Radiance  Pois           21%        N/A       16%         4


Dungeon Overview and Level Annotations

Branches:
Dungeon (3/15)

Altars:

Annotations:
D:3 Grinder


Innate Abilities, Weirdness & Mutations

You have very sharp teeth.
Your uncanny sense of smell can sniff out nearby items.
Your experience applies equally to all skills.


Message History

Found an escape hatch in the ceiling.
Things that are here:
a +0 whip; a +0 ring mail; an orc skeleton Grinder comes into view.
Grinder shouts!
Grinder says, "Tell me all your secrets, or I'll kill you."
Grinder blinks!
Grinder moves out of view.
Grinder is nearby!
Aiming: Sting (safe; 3% risk of failure)
Press: ? - help, Q - select action, (/) - cycle Shift-Dir - straight line, f - Grinder
Aim: Grinder (71% to hit)
The sting hits Grinder.
Grinder partially resists.
Grinder is poisoned.
Grinder is lightly wounded.
Unknown command.
You hit Grinder.
Grinder convulses.
Grinder is lightly wounded.
Grinder hits you!
You writhe in agony.
You hit Grinder.
Grinder convulses.
Grinder is moderately wounded.
Grinder hits you.
You writhe in agony.
You barely miss Grinder.
Grinder is moderately wounded.
Grinder hits you.
You are too injured to fight recklessly!
You are too injured to fight recklessly!
You closely miss Grinder.
Grinder is moderately wounded.
Grinder completely misses you.
You puncture Grinder!
Grinder convulses.
Grinder is severely wounded.
Grinder looks more healthy.
Grinder gestures at you.
You suddenly lose the ability to move!
Grinder hits you!
* * * LOW HITPOINT WARNING * * *
You can move again.
You closely miss Grinder.
Grinder is severely wounded.
Grinder hits you!
You die...

# #.# #.##.# #.....
####.# ##... #.### #.# #
####################.###
......5@................
#########............<..
#.####.#####.### #.# #.#
#.# #.# #.# #.# #.# #.#
#.# #.# #.# #.# ... ..#
.# #.# ###


You could see Grinder.

Vanquished Creatures
  2 adders
  A dart slug (D:2)
  4 orcs (D:3)
  3 ball pythons
  4 endoplasms
  2 goblins
  5 hobgoblins
  5 kobolds
  3 quokkas
  4 bats (D:2)
  2 frilled lizards
  4 rats
39 creatures vanquished.

Notes
Turn   | Place    | Note
-------+----------+-------------------------------------------
     0 | D:1      | Rickety the Gnoll Venom Mage began the quest for the Orb.
     0 | D:1      | Reached XP level 1. HP: 13/13 MP: 6/6
   376 | D:1      | Reached XP level 2. HP: 8/19 MP: 1/7
   640 | D:1      | Learned a level 2 spell: Poisonous Vapours
  1276 | D:1      | Found a faded altar of an unknown god.
  1421 | D:2      | Reached XP level 3. HP: 25/25 MP: 1/9
  1422 | D:2      | Reached skill level 5 in Spellcasting
  1993 | D:2      | Reached skill level 1 in Invocations
  2253 | D:3      | Reached skill level 1 in Fighting
  2253 | D:3      | Reached skill level 1 in Short Blades
  2253 | D:3      | Reached skill level 1 in Long Blades
  2253 | D:3      | Reached skill level 1 in Axes
  2253 | D:3      | Reached skill level 1 in Maces & Flails
  2253 | D:3      | Reached skill level 1 in Polearms
  2253 | D:3      | Reached skill level 1 in Staves
  2253 | D:3      | Reached skill level 1 in Slings
  2253 | D:3      | Reached skill level 1 in Bows
  2253 | D:3      | Reached skill level 1 in Crossbows
  2253 | D:3      | Reached skill level 1 in Throwing
  2253 | D:3      | Reached skill level 1 in Armour
  2253 | D:3      | Reached skill level 1 in Shields
  2253 | D:3      | Reached skill level 1 in Unarmed Combat
  2253 | D:3      | Reached skill level 1 in Evocations
  2259 | D:2      | Learned a level 3 spell: Mephitic Cloud
  2421 | D:3      | Reached XP level 4. HP: 31/32 MP: 2/11
  2722 | D:3      | Noticed Grinder
  2734 | D:3      | Paralysed by Grinder for 2 turns
  2736 | D:3      | Slain by Grinder

Illustrated notes

Levels and vault maps discovered:
D:1:      dpeg_arrival_rooms_with_view, layout_loops_ring,
          ebering_ecumenical_altar_webs
D:2:      minmay_alternating_diamond, layout_basic
D:3:      layout_loops_ring, uniq_grinder

Skill      XL: |  1  2  3 |
---------------+----------+-----
Transmutations | 2 |  2.2
Spellcasting   | 5 |  5.0
Invocations    | 1 |  1.1
Fighting       | 1 |  1.0
Short Blades   | 1 |  1.0
Long Blades    | 1 |  1.0
Axes           | 1 |  1.0
Maces & Flails | 1 |  1.0
Polearms       | 1 |  1.0
Staves         | 1 |  1.0
Slings         | 1 |  1.0
Bows           | 1 |  1.0
Crossbows      | 1 |  1.0
Throwing       | 1 |  1.0
Armour         | 1 |  1.0
Shields        | 1 |  1.0
Unarmed Combat | 1 |  1.0
Evocations     | 1 |  1.0
Dodging        | |  4.6
Stealth        | |  4.2
Conjurations   | |  0.8
Hexes          | |  0.8
Summonings     | |  0.8
Necromancy     | |  0.8
Translocations | |  0.8
Fire Magic     | |  0.8
Ice Magic      | |  0.8
Air Magic      | |  0.8
Earth Magic    | |  0.8
Poison Magic   | |  5.4

Action                   |  1- 3 |  4- 6 || total
-------------------------+-------+-------++-------
Melee: Short sword       |    26 |       ||    26
       Unarmed           |     2 |       ||     2
       Rapier            |    13 |    11 ||    24
       Bite              |     2 |       ||     2
 Cast: Sting             |    42 |     8 ||    50
       Poisonous Vapours |    18 |       ||    18
 Stab: Sleeping          |     4 |       ||     4
Armor: Robe              |     8 |     1 ||     9
Dodge: Dodged            |    39 |     6 ||    45
